 Dungeon Crawl Stone Soup version 0.28-a0-1567-g1695149f81 (webtiles) character file.

Game seed: 999980210951460815

119 grumblor the Skirmisher (level 5, 0/28 HPs)
             Began as a Vine Stalker Fighter on Jan 20, 2022.
             Was an Initiate of Sif Muna.
             Succumbed to a scorpion's poison
             ... on level 3 of the Dungeon.
             The game lasted 00:02:33 (2070 turns).

grumblor the Skirmisher (Vine Stalker Fighter)      Turns: 2070, Time: 00:02:34

Health: 0/28       AC:  7    Str: 20    XL:     5   Next: 3%
Magic:  4/8        EV:  9    Int:  8    God:    Sif Muna [......]
Gold:   153        SH:  5    Dex: 14    Spells: 6/6 levels left

rFire   . . .      SeeInvis .   a - +0 war axe
rCold   . . .      Faith    .   c - +0 buckler
rNeg    . . .      Spirit   +   b - +0 scale mail
rPois   .          Reflect  .   e - +0 helmet
rElec   .          Harm     .   (no cloak)
rCorr   .          Rampage  .   (no gloves)
Will    .....                   (no boots)
Stlth   ..........              (no amulet)
HPRegen 0.89/turn               (no ring)
MPRegen 0.11/turn               (no ring)

@: lethally poisoned (0 -> -2)
A: fangs 2, regeneration 1, magic shield, antimagic bite, no potion heal 2
a: Renounce Religion


You were on level 3 of the Dungeon.
You worshipped Sif Muna.
Sif Muna was noncommittal.
You visited 1 branch of the dungeon, and saw 3 of its levels.

You collected 153 gold pieces.

Inventory:

Hand Weapons
 a - a +0 war axe (weapon)
Missiles
 h - 3 atropa-tipped darts (quivered)
Armour
 b - a +0 scale mail (worn)
 c - a +0 buckler (worn)
 e - a +0 helmet (worn)
Scrolls
 f - a scroll of enchant weapon {unknown}
Potions
 d - 2 potions of might
 g - a potion of haste


   Skills:
 + Level 3.0 Fighting
 + Level 2.7 Axes
 * Level 0.4 Throwing
 + Level 2.9 Armour
 * Level 1.0 Dodging
 + Level 2.9 Shields
 * Level 1.4 Spellcasting
 * Level 0.5 Invocations


You had 6 spell levels left.
You didn't know any spells.
Your spell library was empty.

Dungeon Overview and Level Annotations

Branches:
Dungeon (3/15)

Altars:
Sif Muna
Zin

Shops:
D:2 (


Innate Abilities, Weirdness & Mutations

You have extremely sharp teeth.
Your natural rate of healing is unusually fast.
When hurt, damage is shared between your health and your magic reserves.
Your bite disrupts and absorbs the magic of your enemies.
Potions cannot restore your health.


Message History

You barely miss the scorpion.
The scorpion is heavily wounded.
You feel very sick. The scorpion stings you.
You are lethally poisoned!
The scorpion poisons you! You block the scorpion's attack.
You are too injured to fight recklessly!
You are too injured to fight recklessly!
Unknown command.
Okay, then.
Throw: 4 darts (atropa)
Press: ? - help, Q - select action Shift-Dir - straight line, f/p - scorpion
Aim: a scorpion (heavily wounded, 59% to hit, chance to blind on hit: 51%)
You throw an atropa-tipped dart.
The atropa-tipped dart hits the scorpion.
The scorpion appears confused.
The scorpion is heavily wounded.
You feel very sick.
You hit the scorpion.
You bite the scorpion, but do no damage.
The scorpion is almost dead.
* * * LOW HITPOINT WARNING * * *
You feel very sick.
The scorpion seems less confused.
The scorpion stings you.
* * * LOW HITPOINT WARNING * * *
The scorpion barely misses you.
Okay, then.
You strike the helpless scorpion from behind!
You slash the scorpion!
You kill the scorpion!
Sif Muna accepts your kill.
* * * LOW HITPOINT WARNING * * *
You feel very sick.
Your Fighting skill increases to level 3!
Your Dodging skill increases to level 1!
You have reached level 5!
There is a lethal amount of poison in your body!
* * * LOW HITPOINT WARNING * * *
You feel sick.
You die...

. # .. #. ...
.#####....
.........
#(.......
#######@###....
..............#
########...#####
#<....#...##
#.#####.#.###
#.......#..#
##.........+
#.###.#.###
........<..#


There were no monsters in sight!

Vanquished Creatures
  A scorpion (D:3)
  An adder (D:2)
  An ufetubus (D:2)
  A worm (D:2)
  A dart slug (D:1)
  4 endoplasms
  3 giant cockroaches
  6 goblins
  3 hobgoblins (D:1)
  2 jackals (D:1)
  3 kobolds
  3 quokkas
  2 ball pythons (D:2)
  3 bats
  2 frilled lizards (D:2)
  4 rats
40 creatures vanquished.

Notes
Turn   | Place    | Note
-------+----------+-------------------------------------------
     0 | D:1      | grumblor the Vine Stalker Fighter began the quest for the
                  | Orb.
     0 | D:1      | Reached XP level 1. HP: 11/11 MP: 2/2
   261 | D:1      | Reached XP level 2. HP: 16/16 MP: 3/3
  1018 | D:2      | Reached XP level 3. HP: 15/19 MP: 2/5
  1149 | D:2      | Found Ifipt's Weapon Shoppe.
  1208 | D:2      | Reached skill level 1 in Spellcasting
  1804 | D:2      | Gained mutation: Your natural rate of healing is unusually
                  | fast. [Vine Stalker growth]
  1804 | D:2      | Reached XP level 4. HP: 16/23 MP: 4/6
  1824 | D:2      | Found a shimmering blue altar of Sif Muna.
  1830 | D:2      | Became a worshipper of Sif Muna the Loreminder
  2018 | D:3      | Found a glowing silver altar of Zin.
  2056 | D:3      | Noticed a scorpion
  2068 | D:3      | Killed a scorpion
  2068 | D:3      | HP: 1/23 [poisoned by a scorpion]
  2069 | D:3      | Reached skill level 3 in Fighting
  2069 | D:3      | Reached skill level 1 in Dodging
  2069 | D:3      | Reached XP level 5. HP: 2/28 MP: 3/8
  2070 | D:3      | Succumbed to a scorpion's poison

Illustrated notes

Levels and vault maps discovered:
D:1:      scummos_arrival_hexagon, layout_basic
D:2:      layout_rooms, serial_shops, nicolae_shop_bloodbath_and_beyond,
          basic_altar, minmay_misc_feat_alley, minmay_ruptured
D:3:      layout_basic, mainiacjoe_overflow_chevrons,
          cheibrodos_ashenzari_chains, hangedman_decor_points,
          grunt_ministairs_7, uniq_crazy_yiuf_cottage, uniq_natasha,
          uniq_jessica

Skill      XL: |  1  2  3  4 |
---------------+-------------+-----
Axes           | 2 |  2.7
Spellcasting   | 1 |  1.4
Fighting       | 3 |  3.0
Dodging        | 1 |  1.0
Throwing       | |  0.4
Armour         | |  2.9
Shields        | |  2.9
Invocations    | |  0.5

Action                   |  1- 3 |  4- 6 || total
-------------------------+-------+-------++-------
Melee: War axe           |    88 |    12 ||   100
       Bite              |    17 |     2 ||    19
Throw: Dart              |       |     2 ||     2
  Use: Scroll            |     5 |       ||     5
 Stab: Invisible         |       |     1 ||     1
Armor: Scale mail        |    51 |     2 ||    53
Dodge: Dodged            |    59 |     2 ||    61
Block: Buckler           |    31 |     4 ||    35

Table legend: (Time is in decaauts)
 A = Elapsed time spent in this place.
 B = Non-inter-level travel time spent in this place.
 C = Inter-level travel time spent in this place.
 D = Time resting spent in this place.
 E = Time spent auto-exploring this place.
 F = Levels seen in this place.
 G = Mean time per level.
                   A        B        C        D        E       F      G
               +--------+--------+--------+--------+--------+-----+--------+
         Total |   2112 |   2056 |     56 |    237 |   1511 |   3 |  704.0 |
       Dungeon |   2112 |   2056 |     56 |    237 |   1511 |   3 |  704.0 |
               +--------+--------+--------+--------+--------+-----+--------+

Top non-repeatable levels by time:
     D:1: 1029 daAuts
     D:2: 991 daAuts
     D:3: 92 daAuts
